 Dungeon Crawl Stone Soup version 0.31.0-11-ge490571c62 (webtiles) character file.

Game seed: 4585393443785205704

124 SnakkuSnakku7 the Caller (level 5, -2/45 HPs)
             Began as a Ghoul Summoner on Jan 26, 2024.
             Killed by divine providence
             ... invoked by an orc priest
              (12 damage)
             ... on level 3 of the Dungeon.
             The game lasted 00:02:04 (1724 turns).

SnakkuSnakku7 the Caller (Ghoul Summoner)           Turns: 1724, Time: 00:02:05

Health: -2/45      AC:  7    Str: 14    XL:     5   Next: 8%
Magic:  7/7        EV:  9    Int: 14    God:
Gold:   165        SH:  0    Dex:  9    Spells: 6/7 levels left

rFire   . .          .
                       - Unarmed
rCold   + . .        (no shield)
rNeg    + + +        f - +0 scale mail
rPois   ∞            k - +0 helmet
rElec   .            (no cloak)
rCorr   .            (no gloves)
SInv    .            (no boots)
Will    .....        (no amulet) Stlth
                     (no ring)
HPRegen 0.00/turn    (no ring)
MPRegen 0.10/turn

%: no passive effects
@: inhibited regen
A: claws 1, cold resistance 1, negative energy resistance 3, inhibited
regeneration, torment resistance 2, devour on kill
a: no special abilities


You were on level 3 of the Dungeon.
You visited 1 branch of the dungeon, and saw 3 of its levels.

You collected 165 gold pieces.

Inventory:

Armour
 a - a +0 robe
 f - a +0 scale mail (worn)
 k - a +0 helmet (worn)
Scrolls
 g - 3 scrolls of poison {unknown}
 h - a scroll of teleportation {unknown}
 i - a scroll of identify {unknown}
 l - a scroll of blinking {unknown}
 m - a scroll of brand weapon {unknown}
Potions
 b - 2 potions of magic
 c - a potion of lignification {unknown}
 d - a potion of cancellation {unknown}
 e - 2 potions of heal wounds {unknown}
 j - a potion of attraction {unknown}
 n - a potion of enlightenment {unknown}


   Skills:
 + Level 3.4 Fighting
 - Level 1.7 Dodging
 - Level 2.1 Stealth
 + Level 3.3 Unarmed Combat
 - Level 1.7 Spellcasting
 - Level 3.6 Summonings


You had 6 spell levels left.
You knew the following spells:

 Your Spells              Type           Power      Damage    Failure   Level
a - Summon Small Mammal   Summ           44%        N/A       26%         1

Your spell library contained the following spells:

 Spells                   Type           Power      Damage    Failure   Level
 Call Imp                 Summ           22%        N/A       36%         2
 Call Canine Familiar     Summ           11%        N/A       58%         3
 Summon Blazeheart Golem  Fire/Summ      6%         N/A       99%         4
 Summon Lightning Spire   Summ/Air       6%         N/A       99%         4


Dungeon Overview and Level Annotations

Branches:
Dungeon (3/15)

Altars:
Hepliaklqana


Innate Abilities, Weirdness & Mutations

You are immune to poison.
You have sharp fingernails.
Your flesh is cold resistant. (rC+)
You are immune to negative energy. (rN+++)
You do not regenerate when monsters are visible.
You are immune to unholy pain and torment.
You thrive by killing the living.


Message History

An orc priest comes into view. It is wielding a +0 flail.
The orc priest shouts!
You hear a shout!
You scratch the orc priest.
You claw the orc priest, but do no damage.
The orc priest is moderately wounded.
You barely miss the orc priest.
The orc priest is moderately wounded.
The orc priest hits you but does no damage.
You completely miss the orc priest.
The orc priest is moderately wounded.
The orc priest hits you but does no damage.
You scratch the orc priest. Your claw misses the orc priest.
The orc priest is heavily wounded.
The orc priest mumbles some strange prayers to Beogh against you.
Beogh smites you!
You closely miss the orc priest.
The orc priest is moderately wounded.
The orc priest barely misses you.
You barely miss the orc priest.
The orc priest is moderately wounded.
The orc priest hits you with a +0 flail!
You barely miss the orc priest.
The orc priest is moderately wounded.
The orc priest calls down the wrath of Beogh upon you.
Beogh smites you!
* * * LOW HITPOINT WARNING * * *
You closely miss the orc priest.
The orc priest is moderately wounded.
The orc priest closely misses you.
You closely miss the orc priest.
The orc priest is moderately wounded.
The orc priest closely misses you.
You claw the orc priest!
The orc priest is almost dead.
The orc priest looks braver for a moment.
You barely miss the orc priest.
The orc priest is almost dead.
The orc priest mumbles some strange prayers to Beogh against you.
Beogh smites you!
You die...

......# ...##..#
...# .. ...# ####
### ..##
###+####..#
##~~.~~~##o#
#~~....~~#@# ###
#~..#...~#.#
..#####~....#..'.#
......+..#....~###
#######~...#..~# #
#~~....~~#
##~~~.~~##
####'### # # ###.#


You could see an orc priest.

Vanquished Creatures
  A scorpion (D:2)
  2 ribbon worms (D:2)
  3 dart slugs
  3 ball pythons
  7 endoplasms
  2 giant cockroaches
  6 hobgoblins
  3 jackals (D:2)
  4 kobolds
  4 quokkas
  4 bats
  3 goblins
  4 rats
46 creatures vanquished.

Notes
Turn   | Place    | Note
-------+----------+-------------------------------------------
     0 | D:1      | SnakkuSnakku7 the Ghoul Summoner began the quest for the
                  | Orb.
     0 | D:1      | Reached XP level 1. HP: 14/14 MP: 3/3
   149 | D:1      | Reached skill level 1 in Fighting
   149 | D:1      | Reached skill level 1 in Unarmed Combat
   160 | D:1      | Reached XP level 2. HP: 21/23 MP: 4/4
   431 | D:1      | Reached XP level 3. HP: 28/29 MP: 5/5
  1172 | D:2      | Reached XP level 4. HP: 29/37 MP: 6/6
  1294 | D:2      | Noticed a scorpion
  1316 | D:2      | Killed a scorpion
  1317 | D:2      | Reached XP level 5. HP: 21/45 MP: 7/7
  1680 | D:3      | Found a hazy altar of Hepliaklqana.
  1724 | D:3      | Killed from afar by an orc priest

Illustrated notes

Levels and vault maps discovered:
D:1:      mainiacjoe_arrival_oval_in_oval, layout_loops_cross, minmay_tromino_v2
D:2:      layout_basic
D:3:      layout_loops_corners, nicolae_uskayaw_suspiria,
          mainiacjoe_overflow_24_doors, lemuel_crystal_altar,
          kennysheep_another_room

Skill      XL: |  1  2  3  4 |
---------------+-------------+-----
Fighting       | 1 2 3 |  3.4
Unarmed Combat | 1 2 3 |  3.3
Dodging        | |  1.7
Stealth        | |  2.1
Spellcasting   | |  1.7
Summonings     | |  3.6

Action                     |  1- 3 |  4- 6 || total
---------------------------+-------+-------++-------
  Melee: Unarmed           |   148 |    46 ||   194
         Punch             |     3 |     2 ||     5
 Armour: Scale mail        |    90 |    25 ||   115
         Robe              |     2 |       ||     2
  Dodge: Dodged            |    67 |    18 ||    85
